 Dungeon Crawl Stone Soup version 0.31-a0-271-gb88eb75e06 (webtiles) character file.

Game seed: 6015254550795293611

623 qw the Shooter (level 7, -4/43 HPs)
             Began as a Gargoyle Hexslinger on July 14, 2023.
             Killed by divine providence
             ... invoked by an orc priest
              (11 damage)
             ... on level 4 of the Dungeon.
             The game lasted 00:01:41 (3407 turns).

qw the Shooter (Gargoyle Hexslinger)                Turns: 3407, Time: 00:01:42

Health: -4/43      AC: 11    Str: 11      XL:     7   Next: 46%
Magic:  8/8        EV: 10    Int: 12 (14) God:
Gold:   83         SH:  0    Dex: 13 (14) Spells: 7/8 levels left

rFire   . . .        Y - +1 sling
rCold   . . .        (no shield)
rNeg    + + .        n - +0 ring mail
rPois   inf          (no helmet)
rElec   +            (no cloak)
rCorr   .            m - +0 pair of gloves
SInv    .            (no boots)
Will    .....        (no amulet)
Stlth   +            o - ring of positive energy
HPRegen 0.27/turn    (no ring)
MPRegen 0.11/turn

%: no passive effects
@: no status effects
A: sickness immunity, AC +4, negative energy resistance 1, electricity
resistance, torment resistance 1, petrification resistance
a: no special abilities


You were on level 4 of the Dungeon.
You visited 1 branch of the dungeon, and saw 4 of its levels.
You also visited: Sewer.

You collected 83 gold pieces.


Innate Abilities, Weirdness & Mutations

You are immune to sickness and miasma.
Your stone body is resilient. (AC +4)
You are immune to poison.
You resist negative energy. (rN+)
You are resistant to electric shocks. (rElec)
You are resistant to unholy torment.
You are immune to petrification.


   Skills:
 - Level 4.0 Fighting
 + Level 6.8 Ranged Weapons
 - Level 2.0 Armour
 - Level 1.5 Dodging
 - Level 1.0 Spellcasting
 - Level 2.6 Hexes


You had 7 spell levels left.
You knew the following spells:

 Your Spells              Type           Power      Damage    Failure   Level
a - Slow                  Hex            28%        N/A       24%         1

Your spell library contained the following spells:

 Spells                   Type           Power      Damage    Failure   Level
 Inner Flame              Hex/Fire       3%         N/A       77%         3
 Portal Projectile        Hex/Tloc       6%         N/A       77%         3
 Cause Fear               Hex            3%         N/A       93%         4

Inventory:

Hand Weapons
 Y - a +1 sling (weapon)
Armour
 m - a +0 pair of gloves (worn)
 n - a +0 ring mail (worn)
Jewellery
 g - a ring of fire
 o - a ring of positive energy (left hand)
Scrolls
 i - a scroll of identify
Potions
 b - a potion of might
 d - 2 potions of resistance
 e - a potion of enlightenment {unknown}
 f - a potion of haste
 h - a potion of curing {unknown}

Dungeon Overview and Level Annotations

Branches:
Dungeon (4/15)              Sewer (visited)
 Temple: D:4-7

Altars:


Message History

The orc priest miscasts a cantrip.
You feel your dexterity returning.
You shoot a sling bullet. The sling bullet hits the orc.
The orc is moderately wounded.
The orc hits you with a +0 flail. The ball python closely misses you.
The ball python grabs you. The ball python constricts you.
You shoot a sling bullet.
The sling bullet closely misses the ball python.
The sling bullet hits the orc priest.
The orc priest is moderately wounded.
The ball python bites you but does no damage.
The ball python constricts you. The orc hits you but does no damage.
You shoot a sling bullet.
The sling bullet closely misses the ball python.
The sling bullet closely misses the orc priest.
The ball python bites you but does no damage.
The ball python constricts you. The orc hits you but does no damage.
The ball python completely misses you. The ball python constricts you.
The orc closely misses you.
You shoot a sling bullet. The sling bullet hits the ball python.
You kill the ball python!
The orc hits you but does no damage.
The orc priest begins to cast a cantrip, but forgets the words!
You shoot a sling bullet.
The sling bullet closely misses the orc.
The orc hits you but does no damage.
The orc priest invokes the aid of Beogh against you.
Beogh smites you!
You shoot a sling bullet. The sling bullet hits the orc.
The orc is moderately wounded.
The orc hits you with a +0 flail.
You shoot a sling bullet.
The sling bullet barely misses the orc priest.
The orc priest hits you but does no damage.
The orc hits you with a +0 flail.
You shoot a sling bullet. The sling bullet hits the orc priest.
The orc priest is severely wounded.
The orc priest calls down the wrath of Beogh upon you.
Beogh smites you!
You die...

......... .....#
.........######......
........)............
......%##.#..........
......)<..>..........
.......##..%.......#
.............).....#
......#######...##.#
#.#... #@o### ......
#o## ......So.....#
...........### .o...[
..... ..... .... .###


You could see an orc priest and an orc.

Vanquished Creatures
  3 kobold brigands (Sewer)
  3 scorpions (D:4)
  An orc priest (D:4)
  4 gnolls (D:3)
  8 adders
  2 river rats (Sewer)
  4 worms
  An orc (D:4)
  15 endoplasms
  3 giant cockroaches
  5 goblins
  3 hobgoblins
  3 jackals (D:2)
  10 kobolds
  6 quokkas
  6 ball pythons
  3 bats
  2 frilled lizards
  8 rats
90 creatures vanquished.

Notes
Turn   | Place    | Note
-------+----------+-------------------------------------------
     0 | D:1      | qw the Gargoyle Hexslinger began the quest for the Orb.
     0 | D:1      | Reached XP level 1. HP: 12/12 MP: 2/2
     0 | D:1      | 0 ||| qw: Version: 0.3-a-52-g30416fa
     0 | D:1      | 0 ||| qw: Game counter: 7966
     0 | D:1      | 0 ||| qw: Melee chars always use a shield: true
     0 | D:1      | 0 ||| qw: God list: Okawaru
     0 | D:1      | 0 ||| qw: Allow faded altars: false
     0 | D:1      | 0 ||| qw: Do Orc after clearing Dungeon:15 true
     0 | D:1      | 0 ||| qw: Do second Lair branch before Depths: true
     0 | D:1      | 0 ||| qw: Lair rune preference: random
     0 | D:1      | 0 ||| qw: Goals: Normal
     0 | D:1      | 0 ||| PLANNING D:1-11
    29 | D:1      | You fall into a shaft and drop 1 floor!
    42 | D:2      | Found a faded altar of an unknown god.
   146 | D:2      | Reached XP level 2. HP: 16/16 MP: 3/3
   167 | D:2      | Reached skill level 3 in Ranged Weapons
   272 | D:2      | Reached XP level 3. HP: 12/21 MP: 4/4
   324 | D:2      | 324 ||| READING scroll labelled KAUDYBB HEIKUL.
   325 | D:2      | 325 ||| DROPPING scroll of poison.
   773 | D:1      | 773 ||| READING scroll labelled MOUMPY OC PIH.
   776 | D:1      | 776 ||| READING scroll labelled HOEV UCAXT.
   878 | D:1      | 878 ||| READING 2 scrolls labelled HEFOWA YHYTA.
   928 | D:2      | Reached XP level 4. HP: 26/26 MP: 5/5
  1126 | D:2      | Reached skill level 4 in Ranged Weapons
  1425 | D:2      | 1425 ||| READING 2 scrolls of identify.
  1425 | D:2      | 1425 ||| IDENTIFYING purple potion
  1426 | D:2      | 1426 ||| DROPPING potion of magic.
  1470 | D:3      | 1470 ||| PLANNING SEWER
  1492 | D:3      | Found a glowing drain.
  1496 | D:3      | 1496 ||| Stepping ~*~*~tactically~*~*~ (water).
  1498 | D:3      | 1498 ||| Stepping ~*~*~tactically~*~*~ (water).
  1503 | D:3      | 1503 ||| Stepping ~*~*~tactically~*~*~ (water).
  1515 | Sewer    | Entered a sewer
  1592 | Sewer    | Noticed a kobold brigand
  1619 | Sewer    | Killed a kobold brigand
  1620 | Sewer    | Reached skill level 5 in Ranged Weapons
  1620 | Sewer    | Reached XP level 5. HP: 11/30 MP: 6/6
  1754 | Sewer    | 1754 ||| Stepping ~*~*~tactically~*~*~ (water).
  1761 | Sewer    | 1761 ||| Stepping ~*~*~tactically~*~*~ (water).
  1896 | Sewer    | 1896 ||| Stepping ~*~*~tactically~*~*~ (water).
  1954 | Sewer    | Noticed a kobold brigand
  1983 | Sewer    | Killed a kobold brigand
  1984 | Sewer    | Reached XP level 6. HP: 30/38 MP: 7/7
  2050 | Sewer    | 2050 ||| Stepping ~*~*~tactically~*~*~ (water).
  2055 | Sewer    | 2055 ||| Stepping ~*~*~tactically~*~*~ (water).
  2069 | Sewer    | 2069 ||| Stepping ~*~*~tactically~*~*~ (water).
  2155 | Sewer    | 2155 ||| Stepping ~*~*~tactically~*~*~ (water).
  2228 | Sewer    | 2228 ||| Stepping ~*~*~tactically~*~*~ (water).
  2274 | Sewer    | 2274 ||| Stepping ~*~*~tactically~*~*~ (water).
  2326 | Sewer    | 2326 ||| Stepping ~*~*~tactically~*~*~ (water).
  2328 | Sewer    | 2328 ||| Stepping ~*~*~tactically~*~*~ (water).
  2349 | Sewer    | 2349 ||| READING scroll labelled WIETREI FOANA.
  2350 | Sewer    | 2350 ||| DRINKING 2 fuming cyan potions.
  2351 | Sewer    | 2351 ||| DRINKING 2 white potions.
  2373 | D:3      | 2373 ||| PLANNING D:1-11
  2496 | D:3      | 2496 ||| Stepping ~*~*~tactically~*~*~ (outnumbered).
  2510 | D:3      | Reached skill level 6 in Ranged Weapons
  2511 | D:3      | HP: 8/38 [gnoll/+0 halberd (11)]
  2512 | D:3      | 2512 ||| READING scroll of teleportation.
  2515 | D:3      | 2515 ||| FLEEEEING.
  2516 | D:3      | 2516 ||| FLEEEEING.
  3137 | D:3      | 3137 ||| UPGRADING to +0 pair of gloves.
  3142 | D:3      | 3142 ||| UPGRADING to +0 ring mail.
  3152 | D:3      | 3152 ||| DROPPING +0 robe.
  3153 | D:3      | 3153 ||| UPGRADING to ring of positive energy.
  3154 | D:3      | 3154 ||| READING scroll labelled EZEOFR HECRI.
  3155 | D:3      | 3155 ||| READING 2 scrolls labelled KIDIYC JAWETU.
  3156 | D:3      | 3156 ||| DRINKING 3 amethyst potions.
  3157 | D:3      | 3157 ||| DRINKING 2 bubbling dark potions.
  3158 | D:3      | 3158 ||| READING 2 scrolls of identify.
  3158 | D:3      | 3158 ||| IDENTIFYING blue potion
  3159 | D:3      | 3159 ||| DROPPING potion of degeneration.
  3160 | D:3      | 3160 ||| DROPPING scroll of immolation.
  3222 | D:4      | HP: 8/38 [scorpion (5)]
  3223 | D:4      | 3223 ||| DRINKING potion of heal wounds.
  3226 | D:4      | Reached XP level 7. HP: 30/43 MP: 8/8
  3256 | D:4      | HP: 10/43 [scorpion (6)]
  3385 | D:4      | 3385 ||| Stepping ~*~*~tactically~*~*~ (outnumbered).
  3404 | D:4      | HP: 9/43 [orc priest/divine providence (12)]
  3407 | D:4      | Killed from afar by an orc priest

Levels and vault maps discovered:
D:1:      lightli_molten_gateway, layout_rooms, patterned_corridor
D:2:      layout_loops_cross, shapermc_ecumenical_altar_totnotflames
D:3:      layout_loops_ring, portal_sewer_entry_f
D:4:      layout_rooms, zin_treasury, minmay_small_thing

Skill      XL: |  1  2  3  4  5  6 |
---------------+-------------------+-----
Ranged Weapons | 3 5 6 |  6.8
Fighting       | 2 4 |  4.0
Armour         | 2 |  2.0
Dodging        | |  1.5
Spellcasting   | |  1.0
Hexes          | |  2.6

Action                     |  1- 3 |  4- 6 |  7- 9 || total
---------------------------+-------+-------+-------++-------
   Fire: Sling             |    99 |   295 |    59 ||   453
    Use: Scroll            |     4 |     6 |       ||    10
         Potion            |       |     5 |       ||     5
 Armour: Robe              |    20 |    43 |       ||    63
         Ring mail         |       |    30 |    31 ||    61
  Dodge: Dodged            |    53 |   120 |    28 ||   201

Table legend:
 A = Non-vault XP
 B = Vault XP
 C = Vault XP percentage of total XP
 D = Non-vault monster count
 E = Vault monster count
 F = Vault count percentage of total count
                 A         B        C        D         E       F
            +---------+---------+-------+---------+---------+-------
      Total |     473 |     417 |  46.9 |      56 |      34 |  37.8
            +---------+---------+-------+---------+---------+-------
        D:1 |      27 |       0 |   0.0 |      17 |       0 |   0.0
        D:2 |      74 |       0 |   0.0 |      21 |       0 |   0.0
        D:3 |      66 |      12 |  15.4 |      10 |       6 |  37.5
        D:4 |     306 |       0 |   0.0 |       8 |       0 |   0.0
      Sewer |       0 |     405 | 100.0 |       0 |      28 | 100.0
            +---------+---------+-------+---------+---------+-------
